 Dungeon Crawl Stone Soup version 0.28-a0-1510-gd0f6b136d3 (webtiles) character file.

Game seed: 5352119268212436515

58 kae the Insei (level 3, -4/26 HPs)
             Began as a Demonspawn Transmuter on Jan 14, 2022.
             Slain by a water moccasin (7 damage)
             ... on level 3 of the Dungeon.
             The game lasted 00:01:04 (3368 turns).

kae the Insei (Demonspawn Transmuter)               Turns: 3368, Time: 00:01:05

Health: -4/26      AC:  3    Str: 16    XL:     3   Next: 75%
Magic:  5/6        EV: 12    Int: 16    God:
Gold:   105        SH:  0    Dex: 13    Spells: 5/6 levels left

rFire   + . .      SeeInvis +     - Unarmed
rCold   + . .      Faith    .   (no shield)
rNeg    . . .      Spirit   .   a - +1 robe
rPois   +          Reflect  .   (helmet currently unavailable)
rElec   +          Harm     .   (no cloak)
rCorr   +          Rampage  .   (no gloves)
Will    .....                   (boots currently unavailable)
Stlth   +.........              (no amulet)
HPRegen 0.08/turn               e - ring of see invisible
MPRegen 0.10/turn               g - +6 ring of strength

@: mighty, lethally poisoned (-4 -> -6), appendages, resistant
A: horns 2, talons 2, demonic guardian 1
a: End Transformation


You were on level 3 of the Dungeon.
You had temporarily grown beastly horns and talons.
You visited 1 branch of the dungeon, and saw 3 of its levels.

You collected 105 gold pieces.

Inventory:

Armour
 a - a +1 robe (worn)
Jewellery
 e - a ring of see invisible (left hand)
 g - a +6 ring of strength (right hand)
Scrolls
 m - a scroll of blinking
Potions
 b - a potion of mutation
 f - a potion of curing {unknown}
 h - a potion of berserk rage {unknown}
 i - a potion of heal wounds {unknown}
 k - a potion of degeneration {unknown}


   Skills:
 + Level 1.5 Fighting
 + Level 2.2 Dodging
 * Level 3.2 Unarmed Combat
 + Level 2.2 Spellcasting
 * Level 2.5 Transmutations


You had 5 spell levels left.
You knew the following spells:

 Your Spells              Type           Power      Damage    Failure   Level
a - Beastly Appendage     Tmut           18%        N/A       7%          1

Your spell library contained the following spells:

 Spells                   Type           Power      Damage    Failure   Level
 Wereblood                Tmut           9%         N/A       11%         2
 Spider Form              Tmut/Pois      5%         N/A       36%         3
 Summon Guardian Golem    Hex/Summ       1%         N/A       52%         3
 Ice Form                 Ice/Tmut       5%         N/A       77%         4
 Orb of Destruction       Conj           0%         9d5       100%        7
 Spellforged Servitor     Conj/Summ      0%         N/A       100%        7


Dungeon Overview and Level Annotations

Branches:
Dungeon (3/15)

Altars:


Innate Abilities, Weirdness & Mutations

You have temporarily grown beastly horns and talons.
A weak demonic guardian rushes to your aid.


Message History

You hit the water moccasin but do no damage.
You feel very sick. The water moccasin barely misses you.
You miss the water moccasin. Your kick misses the water moccasin.
You feel very sick. The water moccasin misses you.
A water moccasin is nearby!
You are too injured to fight recklessly!
You are too injured to fight recklessly!
Unknown command.
You swap places.
You feel sick.
The water moccasin bites your white imp.
The water moccasin barely misses your white imp.
Your white imp barely misses the water moccasin.
Okay, then.
As you read the scroll labelled QANOGOEVEH, it crumbles to dust.
Your body is wracked with pain!
The water moccasin convulses!
It was a scroll of torment.
* * * LOW HITPOINT WARNING * * *
You feel sick.
The water moccasin bites your white imp.
Your white imp gestures at the water moccasin.
The puff of frost hits the water moccasin!
As you read the scroll labelled DEESEL IMAIPRI, it crumbles to dust.
It is a scroll of identify.
b - a potion of mutation
* * * LOW HITPOINT WARNING * * *
You feel sick.
The water moccasin bites your white imp.
Your white imp dies!
Your white imp disappears in a puff of smoke!
It was a potion of resistance.
You feel protected.
* * * LOW HITPOINT WARNING * * *
You feel sick. The water moccasin closely misses you.
It was a potion of might.
You feel very mighty all of a sudden.
* * * LOW HITPOINT WARNING * * *
You feel sick. The water moccasin bites you!
You die...

.............#.# #..#.# #
##############.########..#
# #...........# #
###########.# #
#...........# #
#.########### # #.# #
#.########## #
#..@S....... #.##########
#.# ###


You could see a water moccasin.

Vanquished Creatures
  An adder (D:2)
  A worm (D:2)
  2 dart slugs
  8 ball pythons
  3 endoplasms
  2 giant cockroaches
  2 goblins
  3 hobgoblins
  2 quokkas
  3 bats
  6 frilled lizards
  5 kobolds
  4 rats
42 creatures vanquished.

Vanquished Creatures (collateral kills)
  A frilled lizard (D:1)
1 creature vanquished.

Grand Total: 43 creatures vanquished

Notes
Turn   | Place    | Note
-------+----------+-------------------------------------------
     0 | D:1      | kae the Demonspawn Transmuter began the quest for the Orb.
     0 | D:1      | Reached XP level 1. HP: 15/15 MP: 3/3
   457 | D:1      | Gained mutation: A weak demonic guardian rushes to your
                  | aid. [demonic ancestry]
   457 | D:1      | Reached XP level 2. HP: 20/21 MP: 5/5
   993 | D:1      | Reached skill level 3 in Unarmed Combat
  1568 | D:2      | Reached XP level 3. HP: 17/26 MP: 4/6
  3357 | D:3      | Noticed a water moccasin
  3368 | D:3      | Slain by a water moccasin

Illustrated notes

Levels and vault maps discovered:
D:1:      sevenhm_arrival_forest_fort_small_6, layout_loops_ring,
          minmay_tromino_mix6
D:2:      layout_loops_corners
D:3:      layout_basic, basic_ecumenical_altar

Skill      XL: |  1  2 |
---------------+-------+-----
Transmutations | 2 |  2.5
Dodging        | 2 |  2.2
Unarmed Combat | 3 |  3.2
Fighting       | |  1.5
Spellcasting   | |  2.2

Action                   || total
-------------------------++-------
Melee: Unarmed           ||   113
       Kick              ||    20
       Headbutt          ||     8
       Punch             ||     1
 Cast: Beastly Appendage ||    31
  Use: Scroll            ||     6
       Potion            ||     2
 Stab: Sleeping          ||     1
Armor: Robe              ||    18
Dodge: Dodged            ||    66

Table legend: (Time is in decaauts)
 A = Elapsed time spent in this place.
 B = Non-inter-level travel time spent in this place.
 C = Inter-level travel time spent in this place.
 D = Time resting spent in this place.
 E = Time spent auto-exploring this place.
 F = Levels seen in this place.
 G = Mean time per level.
                   A        B        C        D        E       F      G
               +--------+--------+--------+--------+--------+-----+--------+
         Total |   3361 |   3318 |     43 |      0 |   2987 |   3 | 1120.3 |
       Dungeon |   3361 |   3318 |     43 |      0 |   2987 |   3 | 1120.3 |
               +--------+--------+--------+--------+--------+-----+--------+

Top non-repeatable levels by time:
     D:1: 1462 daAuts
     D:2: 1198 daAuts
     D:3: 700 daAuts
